 Dungeon Crawl Stone Soup version 0.25-a0-339-gb37b713d4c (webtiles) character file.

Game seed: 4588986102391871707, levelgen mode: deterministic

403 pk666 the Magician (level 6, -1/32 HPs)
             Began as a Deep Elf Wizard on Dec 28, 2019.
             Slain by Grinder (8 damage)
             ... on level 4 of the Dungeon.
             The game lasted 00:05:39 (3912 turns).

pk666 the Magician (Deep Elf Wizard)                Turns: 3912, Time: 00:05:40

Health: -1/32      AC:  2    Str:  4    XL:     6   Next: 55%
Magic:  6/17       EV: 13    Int: 25    God:
Gold:   157        SH:  0    Dex: 13    Spells: 9/18 levels left

rFire    + . .     SeeInvis .   p - +0 dagger
rCold    . . .     Gourm    .   (no shield)
rNeg     . . .     Faith    .   a - +0 robe
rPois    .         Spirit   .   b - +0 hat
rElec    .         Reflect  .   (no cloak)
rCorr    .         Harm     .   (no gloves)
MR       .....                  (no boots)
Stlth    ++........             (no amulet)
HPRegen  0.10/turn              s - ring of protection from fire
MPRegen  0.15/turn              (no ring)

@: no status effects
A: no striking features
a: no special abilities


You were on level 4 of the Dungeon.
You were not hungry.

You visited 1 branch of the dungeon, and saw 4 of its levels.

You collected 157 gold pieces.

Inventory:

Hand Weapons
 p - a +0 dagger (weapon)
Armour
 a - a +0 robe (worn)
 b - a +0 hat (worn)
Jewellery
 s - a ring of protection from fire (left hand)
 t - a +1 ring of protection {unknown}
Scrolls
 c - 3 scrolls of magic mapping {unknown}
 f - 7 scrolls of identify {unknown}
 h - 5 scrolls of remove curse {unknown}
 j - a scroll of amnesia {unknown}
 k - a scroll of immolation {unknown}
 l - a scroll of noise {unknown}
 n - 4 scrolls of enchant armour {unknown}
 q - 2 scrolls of teleportation {unknown}
 u - a scroll of fog {unknown}
Potions
 e - 2 potions of heal wounds {unknown}
 g - 2 potions of curing {unknown}
 i - 2 potions of degeneration {unknown}
 m - 3 potions of haste {unknown}
 o - a potion of brilliance {unknown}
 r - a potion of mutation {unknown}
Comestibles
 d - 7 rations
 v - 3 chunks of flesh


   Skills:
 - Level 2.4 Dodging
 - Level 2.4 Stealth
 + Level 6.7 Spellcasting
 + Level 4.1 Conjurations
   Level 1.1 Summonings
 - Level 1.1 Translocations
 + Level 2.5 Fire Magic
 - Level 2.0 Air Magic
 - Level 2.0 Poison Magic


You had 9 spell levels left.
You knew the following spells:

 Your Spells              Type           Power        Failure   Level  Hunger
a - Magic Dart            Conj           ####         1%          1    None
b - Blink                 Tloc           N/A          7%          2    None
c - Conjure Flame         Conj/Fire      ####....     5%          3    None
d - Mephitic Cloud        Conj/Pois/Air  ###.....     7%          3    None

Your spell library contained the following spells:

 Spells                   Type           Power        Failure   Level  Hunger
 Call Imp                 Summ           ##......     7%          2    None
 Slow                     Hex            #.......     11%         2    None


Dungeon Overview and Level Annotations

Branches:
Dungeon (4/15)
 Temple: D:4-7

Altars:

Shops:
D:4 (

Annotations:
D:2 1 runed translucent door, Crazy Yiuf
D:4 Grinder


Message History

Grinder is almost dead.
Grinder gestures at you. You resist with some effort.
Casting: Magic Dart (safe; 1% risk of failure)
Confirm with . or Enter, or press ? or * to list all spells.
Aiming: Magic Dart (safe; 1% risk of failure)
Press: ? - help, Shift-Dir - straight line, f/p - Grinder
Aim: Grinder (almost dead)
The magic dart hits Grinder.
Grinder is almost dead.
Casting: Magic Dart (safe; 1% risk of failure)
Confirm with . or Enter, or press ? or * to list all spells.
Aiming: Magic Dart (safe; 1% risk of failure)
Press: ? - help, Shift-Dir - straight line, f/p - Grinder
Aim: Grinder (almost dead)
The magic dart hits Grinder but does no damage.
Grinder is almost dead.
Grinder says, "DUCK!"
Grinder hits you!
You die...

..............########
##
#####.##.............#
#. # #.#.#########.#
#.
#.#.#########)#####.
#.#.##...........##.
#.#.##.....))....##.
..#.##...........##.
####5##..............
#...@##...(.......###
#.#####...........# #
#...........#
.............#
##............#
#.############ #. .


You could see Grinder.

Vanquished Creatures
  An ogre (D:4)
  A howler monkey (D:4)
  A hound (D:4)
  An orc priest (D:4)
  Natasha (twice) (D:4)
  A howler monkey skeleton (D:4)
  8 adders
  2 worms
  A dart slug (D:1)
  2 leopard geckos (D:3)
  14 orcs
  A ball python (D:4)
  9 goblins
  7 hobgoblins
  4 jackals (D:3)
  7 bats
  A frilled lizard (D:3)
  A jackal zombie (D:4)
  10 kobolds
  7 rats
81 creatures vanquished.

Notes
Turn   | Place    | Note
-------+----------+-------------------------------------------
     0 | D:1      | pk666 the Deep Elf Wizard began the quest for the Orb.
     0 | D:1      | Reached XP level 1. HP: 10/10 MP: 7/7
   470 | D:1      | Reached XP level 2. HP: 13/15 MP: 4/9
   690 | D:1      | Reached skill level 5 in Spellcasting
  1044 | D:1      | Learned a level 2 spell: Blink
  1072 | D:2      | Reached XP level 3. HP: 18/19 MP: 2/11
  1138 | D:1      | Learned a level 3 spell: Conjure Flame
  1142 | D:1      | Learned a level 3 spell: Mephitic Cloud
  1725 | D:2      | Found a runed translucent door.
  1726 | D:2      | Noticed Crazy Yiuf
  1802 | D:2      | Reached XP level 4. HP: 24/24 MP: 7/13
  2554 | D:3      | Reached skill level 6 in Spellcasting
  2554 | D:3      | Reached skill level 1 in Fire Magic
  2554 | D:3      | Reached skill level 1 in Air Magic
  2792 | D:3      | Reached skill level 1 in Poison Magic
  2792 | D:3      | Reached XP level 5. HP: 28/28 MP: 9/15
  3196 | D:4      | Found Monosch's Antique Weapon Emporium.
  3217 | D:4      | Noticed Natasha
  3221 | D:4      | Killed Natasha
  3234 | D:4      | Noticed Natasha
  3240 | D:4      | Killed Natasha
  3444 | D:4      | Noticed an ogre
  3455 | D:4      | Killed an ogre
  3455 | D:4      | Reached XP level 6. HP: 32/32 MP: 7/17
  3874 | D:4      | Noticed Grinder
  3892 | D:4      | Paralysed by Grinder for 6 turns
  3900 | D:4      | Paralysed by Grinder for 5 turns
  3912 | D:4      | Slain by Grinder

Levels and vault maps discovered:
D:1:      minmay_arrival_shattered_statue, layout_basic
D:2:      layout_rooms, uniq_crazy_yiuf_cottage
D:3:      layout_basic, first_ration
D:4:      layout_basic, serial_shops, shop_fountains, uniq_grinder, uniq_natasha

Skill      XL: |  1  2  3  4  5  6 |
---------------+-------------------+-----
Conjurations   | 2 3 4 |  4.1
Spellcasting   | 5 6 |  6.7
Fire Magic     | 1 2 |  2.5
Air Magic      | 1 2 |  2.0
Poison Magic   | 1 2 |  2.0
Dodging        | |  2.4
Stealth        | |  2.4
Summonings     | |  1.1
Translocations | |  1.1

Action                   |  1- 3 |  4- 6 || total
-------------------------+-------+-------++-------
Melee: Dagger            |       |     4 ||     4
 Cast: Magic Dart        |    85 |   139 ||   224
       Conjure Flame     |       |     4 ||     4
  Eat: Chunk             |     2 |     7 ||     9
Armor: Robe              |     1 |     2 ||     3
Dodge: Dodged            |     7 |    10 ||    17

Table legend:
 A = Non-vault XP
 B = Vault XP
 C = Vault XP percentage of total XP
 D = Non-vault monster count
 E = Vault monster count
 F = Vault count percentage of total count
                 A         B        C        D         E       F
            +---------+---------+-------+---------+---------+-------
      Total |     541 |      35 |   6.1 |      80 |       1 |   1.2
            +---------+---------+-------+---------+---------+-------
        D:1 |      33 |       0 |   0.0 |      18 |       0 |   0.0
        D:2 |      64 |       0 |   0.0 |      19 |       0 |   0.0
        D:3 |     110 |       0 |   0.0 |      26 |       0 |   0.0
        D:4 |     334 |      35 |   9.5 |      17 |       1 |   5.6
            +---------+---------+-------+---------+---------+-------
